Amanda, chaotic female human Monk ---- --- ---- ---- --- --- |..| ---.--- |..--- |..-- -.| --.---- |..---.....| |....| --...| .. |.^...-- |.....%....---....| ----...-| --- .. |-.....| --......|.........| |.......| .| -.. --- |.....-- --....----.....--- --..--.-- --- --- -.--- |.- --.-----...-- --- ------ |.....| ----|..|--- --.-- --.| |...---- --.---....---.|.| ---.------------.....-- --...|-.|.--- |...|---..| |......---.............|.| --.....@q%......)......| |....--.....-- --*..||....---.............---.-----|.| |...------------......----......--....| |..<.--..........---...........| |.|--)--- ---....---............-- |................||..........--- |.|..)| |.).................-- ---.....)%(......--..........| --.|.--- --....................| --.....%..............--..-- -....| ---------........^............| --...............|.--....-- |..---- --.........................--.-- |....*........------.--..| --- |..-----.......----.......----- --.............| |...||.-| |....||.......-- |......-- |.........--...----.-----.| ---..||......-- ---.---- --....%..--|........| --- ------....-- --- ---..---- --..------ ------ ---- ---- Amanda the Initiate Experience level: 9 Strength: 18 Dexterity: 13 Constitution: 9 Intelligence: 8 Wisdom: 14 Charisma: 14 Health: 0(63) Energy: 57(57) Def: 6 Gold: 263 Moves: 3681 Dungeon seed: dxsZu-Yrh_Khp7y0 Game ID: Amanda_1542209351 Your Inventory: Coins $ - 263 gold pieces Armor e - an uncursed +2 pair of leather gloves (being worn) n - an uncursed +1 robe (being worn) r - an uncursed +0 pair of jumping boots Comestibles f - 5 uncursed food rations g - 5 uncursed apples h - 5 uncursed oranges i - 3 uncursed fortune cookies p - an uncursed lichen corpse v - an uncursed slime mold Scrolls b - 2 uncursed scrolls of teleportation o - an uncursed scroll of create monster x - an uncursed scroll of remove curse Q - an uncursed scroll of confuse monster T - an uncursed scroll of food detection W - a cursed scroll of create monster Spellbooks a - a blessed spellbook of sleep w - an uncursed spellbook of dig N - an uncursed spellbook of detect monsters Potions c - an uncursed potion of healing l - a cursed potion of speed s - an uncursed potion of fruit juice C - a cursed potion of healing L - an uncursed potion of water S - an uncursed potion of levitation Wands u - a wand of striking (0:0) B - a wand of sleep (0:0) M - a wand of make invisible (0:3) O - a wand of create monster (0:12) U - a wand of digging (0:5) Tools j - a magic marker (0:74) k - an uncursed mirror D - 2 blessed tallow candles (0:200) E - 2 uncursed tallow candles (0:200) F - an uncursed oil lamp (0:1294) P - an uncursed towel V - an uncursed skeleton key Gems q - 2 uncursed worthless pieces of red glass y - an uncursed ruby Spells and supernatural/magical abilities: Name Level Category Fail Memory z - sleep 1 enchantment 0% 82% W - pray for help -- divine ? -- Your skills at the end: Fighting Skills martial arts [Basic] Weapon Skills Spellcasting Skills healing spells [Basic] Final Attributes: You were piously aligned. You were sleep resistant. You were poison resistant. You saw invisible. You were warned. You had automatic searching. You were stealthy. You were fast. You are dead. Vanquished creatures: 2 giant mimics a flaming sphere a stone giant a giant beetle a wolf a leprechaun 2 gnome kings a werewolf 3 human zombies a shrieker a violet fungus 9 gnome lords 3 gnomish wizards a barrow wight a floating eye 10 dwarves a kobold lord 2 kobold shamans a rothe a rabid rat 2 giant bats an acid blob 5 hobbits a giant rat 2 cave spiders a red mold 44 gnomes 7 jackals 5 sewer rats 6 grid bugs 2 lichens 9 newts 129 creatures vanquished. Voluntary challenges: You had followed a strict vegan diet until turn 2699. You had followed a strict vegetarian diet until turn 2699. You had been an atheist until turn 2009. You never hit with a wielded weapon. You read items or engraved 1 time, starting on turn 369. You never genocided any monsters. You never polymorphed an object. You never changed form. You used no wishes. You never split a pudding. You never wrote Elbereth's name. You violated your moral code, losing 2 points of alignment, starting on turn 2699. Dungeon overview: The Dungeons of Doom: levels 1 to 4 Level 1 a long staircase Level 2 an altar to Huan Ti Level 3 Level 4 stairs to The Gnomish Mines The Gnomish Mines: levels 5 to 11 Level 5 stairs to The Dungeons of Doom Level 6 Level 7 many shops, a temple to Huan Ti, some fountains Level 8 Level 9 Level 10 Level 11 <- You were here History has recorded: On T:1 you entered the Dungeons of Doom to retrieve the Amulet of Yendor! On T:247 you reached level 2 of The Dungeons of Doom. On T:550 you reached level 3 of The Dungeons of Doom. On T:724 you advanced to experience level 2. On T:787 you reached level 4 of The Dungeons of Doom. On T:1179 you advanced to experience level 3. On T:1191 you reached level 1 of The Gnomish Mines. On T:1255 you advanced to experience level 4. On T:1526 you reached level 2 of The Gnomish Mines. On T:1551 you advanced to experience level 5. On T:1757 you reached level 3 of The Gnomish Mines. On T:1886 you advanced to experience level 6. On T:2303 you reached level 4 of The Gnomish Mines. On T:2380 you reached level 5 of The Gnomish Mines. On T:2391 you advanced to experience level 7. On T:2844 you reached level 6 of The Gnomish Mines. On T:3198 you reached level 7 of The Gnomish Mines. On T:3393 you advanced to experience level 8. On T:3517 you advanced to experience level 9. Score breakdown: Gold: 263 ( 8237 points) Experience: 9 levels (15756 points) Exploration: 11 levels ( 21.57%) (13416 points) Discoveries: 12 items ( 4.29%) ( 6210 points) Valuables value: (no points given unless you survive) Artifact value: 0 ( 0 points) Variety of kills: 32 monsters ( 8.40%) ( 8694 points) Turncount: 3681 turns ( -902 points) Survival: died (score multiplied by 80%) Total score: 41128 Latest messages: You are almost hit by an arrow. You hit the invisible stone giant. The invisible stone giant wields a broad pick! You hit the invisible stone giant! You miss the invisible stone giant. The invisible stone giant swings his broad pick. The invisible stone giant hits! You hit the invisible stone giant. You hit the invisible stone giant! You kill the invisible stone giant! There are many objects here. You feel guilty. This stone giant corpse tastes terrible! You stop eating. There are many objects here. (2x) You hit the leocrotta! The leocrotta hits! The leocrotta bites! The leocrotta hits! (2x) The leocrotta bites! You die... Final status: Goodbye Amanda the Monk, killed by a leocrotta... You died in The Gnomish Mines on dungeon level 11 with 41128 points, and 263 pieces of gold, after 3681 moves. You were level 9 with a maximum of 63 hit points when you died.